 Dungeon Crawl Stone Soup version 0.16-a0-3159-ge6ac362 (webtiles) character file.

156 DRC the Ducker (level 5, -4/45 HPs)
             Began as a Salamander Gladiator on May 10, 2015.
             Slain by Grinder (5 damage)
             ... while paralysed by Grinder
             ... on level 3 of the Dungeon.
             The game lasted 00:11:07 (2434 turns).

DRC the Ducker (Salamander Gladiator)               Turns: 2434, Time: 00:11:07

Health: -4/45      AC:  6    Str: 14    XL:     5   Next: 15%
Magic:  7/7        EV:  2    Int:  8    God:
Gold:   121        SH:  0    Dex: 16    Spells: 0 memorised, 4 levels left

rFire  . . .     SeeInvis .     a - +0 trident
rCold  x . .     Clarity  .     b - +0 leather armour
rNeg   . . .     SustAb   .     (no shield)
rPois  .         Gourm    .     c - +0 helmet
rElec  .         Spirit   .     (no cloak)
rCorr  .         Warding  .     (no gloves)
rMut   .         Stasis   .     (no barding)
MR     .....                    (no amulet)
Stlth  ++........               (no ring)
                                (no ring)

@: paralysed, very slow, not resistant to hostile enchantments, unstealthy
A: fiery attack, slowness 2, tough skin 2, cold vulnerability 1
a: no special abilities


You were on level 3 of the Dungeon.
You were not hungry.

You visited 1 branch of the dungeon, and saw 3 of its levels.

You collected 121 gold pieces.

Inventory:

Hand weapons
 a - a +0 trident (weapon)
Missiles
 d - 3 throwing nets
 k - 10 needles of sleeping
 l - 33 stones (quivered)
Armour
 b - a +0 leather armour (worn)
 c - a +0 helmet (worn)
 j - a cursed +0 chain mail
 o - a +1 leather armour of cold resistance
Jewellery
 i - a +1 ring of slaying {unknown}
Potions
 e - a potion of curing
 g - 2 potions of cancellation {unknown}
 h - 2 potions of haste {unknown}
 m - a potion of heal wounds {unknown}
 n - a potion of lignification {unknown}
Comestibles
 f - a bread ration


   Skills:
 + Level 3.0 Fighting
 + Level 4.0 Polearms
 + Level 2.0 Throwing
 + Level 1.5 Armour
 + Level 4.2 Dodging
 + Level 1.3 Stealth


You had 4 spell levels left.
You didn't know any spells.

Dungeon Overview and Level Annotations

Branches:
Dungeon (3/15)

Altars:
Elyvilon
Kikubaaqudgha

Annotations:
D:3 Grinder


Innate Abilities, Weirdness & Mutations

Your melee attacks set your foes ablaze.
You cannot wear boots.
You cover ground very slowly.
You have very tough skin (AC +2).
You are vulnerable to cold.


Message History

You writhe in agony.
* * * LOW HITPOINT WARNING * * *
You can move again.
Grinder barely misses you.
Grinder says, "There's only one good use for a tongue: cutting it out."
Grinder gestures.
Grinder blinks!
Grinder gestures.
Grinder blinks!
There is an open door here.
There is an open door here.
You aren't carrying any spellbooks or scrolls.
Grinder gestures at you.
You suddenly lose the ability to move!
Grinder rolls his eyes.
Grinder hits you but does no damage. Grinder hits you.
* * * LOW HITPOINT WARNING * * *
You writhe in agony.
You die...

##.#.##.# .....##+## .#.......#
.#)......# ####+## ########
.#.......# #.....####......####
.#.......+ +.....+.##.)........
.#.......# #.....#.##..........
.#.......#####.....#.##..........
.#.###.......'..@5.'..'..........
...# #.#######.....####...##+##..
#[.# #.# ####### #...# #..###.#
#...# #......# #...# #.>###.#
#...#####.. ##.###.# #..........
#.....# #.......... #.#####
#)#######..


You could see Grinder.

Vanquished Creatures
  Ijyb (D:3)
  9 adders
  A worm (D:2)
  3 giant geckos (D:2)
  An ooze (D:1)
  4 bats
  A giant cockroach (D:1)
  4 goblins
  10 hobgoblins
  4 kobolds
  2 ball pythons
  6 giant newts
  4 rats (D:1)
50 creatures vanquished.

Notes
Turn   | Place    | Note
--------------------------------------------------------------
     0 | D:1      | DRC, the Salamander Gladiator, began the quest for the Orb.
     0 | D:1      | Reached XP level 1. HP: 17/17 MP: 1/1
   310 | D:1      | Reached XP level 2. HP: 24/24 MP: 3/3
   845 | D:2      | Reached XP level 3. HP: 20/29 MP: 4/4
  1209 | D:2      | Reached skill level 1 in Armour
  1222 | D:2      | Found a white marble altar of Elyvilon.
  1256 | D:2      | Reached XP level 4. HP: 33/37 MP: 5/5
  1506 | D:2      | Reached skill level 4 in Dodging
  1546 | D:2      | Reached skill level 1 in Stealth
  1560 | D:2      | Found an ancient bone altar of Kikubaaqudgha.
  2151 | D:3      | Reached XP level 5. HP: 33/44 MP: 7/7
  2315 | D:3      | Noticed Ijyb
  2336 | D:3      | Killed Ijyb
  2364 | D:3      | Noticed Grinder
  2373 | D:3      | Paralysed by Grinder for 5 turns
  2383 | D:3      | Paralysed by Grinder for 4 turns
  2415 | D:3      | Paralysed by Grinder for 3 turns
  2421 | D:3      | Paralysed by Grinder for 2 turns
  2431 | D:3      | Paralysed by Grinder for 7 turns
  2434 | D:3      | HP: 1/45 [Grinder (6)]
  2434 | D:3      | Slain by Grinder

Action                   |  1- 3 |  4- 6 || total
-------------------------+-------+-------++-------
Melee: Trident           |   102 |    96 ||   198
Throw: Stone             |       |     3 ||     3
  Use: Scroll            |       |     2 ||     2
       Potion            |       |     1 ||     1
 Stab: Sleeping          |     1 |     3 ||     4
  Eat: Chunk             |     1 |       ||     1
       Bread ration      |       |     1 ||     1
